 Dungeon Crawl Stone Soup version 0.30-a0-465-g8901f6c8b5 (webtiles) character file.

Game seed: 18204386972277309926

1 MackTheKnife the Firebug (level 1, -1/11 HPs)
             Began as an Octopode Fire Elementalist on Dec 18, 2022.
             Frozen to death by an endoplasm (5 damage)
             ... on level 1 of the Dungeon.
             The game lasted 00:00:20 (288 turns).

MackTheKnife the Firebug (OpFE)                      Turns: 288, Time: 00:00:21

Health: -1/11      AC:  1    Str:  7    XL:     1   Next: 20%
Magic:  2/3        EV: 13    Int: 17    God:
Gold:   0          SH:  0    Dex: 12    Spells: 3/4 levels left

rFire   . . .      SeeInvis .    (no weapon)
rCold   . . .      Faith    .    (no shield)
rNeg    . . .      Spirit   .    (helmet restricted)
rPois   .          Reflect  .    (no amulet)
rElec   .          Harm     .    (no ring)
rCorr   .          Rampage  .    (no ring)
Will    .....                    (no ring)
Stlth   +++.......               (no ring)
HPRegen 0.21/turn                (no ring)
MPRegen 0.08/turn                (no ring)
                                 (no ring)
                                 (no ring)

@: no status effects
A: almost no armour, amphibious, 8 rings, camouflage 1, gelatinous body 1,
(nimble swimmer 1), tentacles
a: no special abilities


You were on level 1 of the Dungeon.
You visited 1 branch of the dungeon, and saw 1 of its levels.


Innate Abilities, Weirdness & Mutations

You cannot wear most types of armour.
You are amphibious.
You can wear up to eight rings at the same time.
Your skin changes colour to match your surroundings (Stealth+).
Your rubbery body absorbs attacks. (AC +1, EV +1)
((You are camouflaged when in or above water. (Stealth+)))
You have tentacles for arms and can constrict up to eight enemies at once.


   Skills:
 - Level 2.0 Dodging
 - Level 2.6 Stealth
 - Level 2.0 Spellcasting
 - Level 1.0 Conjurations
 + Level 3.1 Fire Magic


You had 3 spell levels left.
You knew the following spells:

 Your Spells              Type           Power      Damage    Failure   Level
a - Foxfire               Conj/Fire      32%        2x1d5     9%          1

Your spell library contained the following spells:

 Spells                   Type           Power      Damage    Failure   Level
 Scorch                   Fire           24%        2d6       9%          2
 Inner Flame              Hex/Fire       6%         N/A       30%         3
 Kindle Blastsparks       Fire/Tloc/Air  10%        2d10      36%         3
 Flame Wave               Conj/Fire      8%         2d5       63%         4

Inventory:

Missiles
 b - 4 stones {throwing}
Scrolls
 c - a scroll of poison {unknown}
Potions
 a - a potion of magic

Dungeon Overview and Level Annotations

Branches:
Dungeon (1/15) Zot: 5711

Altars:

############
+......#...
#......#.####.#
#####.........#
#..#.###### #..#.#
#..#.# #..#.#
#..#@# #..#J#
#..#.#
#############†.#.#
.....'........##.#
######.#####..##.#
.....'........##..
##################
.....'......#


You could see an endoplasm.


Message History

You open the door.
There is an open door here.
You open the door.
There is an open door here.
You open the door.
There is an open door here.
As you open the door, it creaks loudly!
There is an open door here.
You open the door.
There is an open door here.
You open the door.
There is an open door here.
You open the door.
There is an open door here.
You open the door.
There is an open door here.
You open the door.
There is an open door here.
You open the door.
There is an open door here.
You open the door.
There is an open door here.
You open the door.
There is an open door here.
b - 4 stones {throwing} You open the door.
There is an open door here.
You open the door.
Found a stone staircase leading down.
There is an open door here.
There is an open door here.
There is an open door here.
There is an open door here.
There is an open door here.
There is an open door here.
A bat comes into view.
You miscast Foxfire.
You are very lightly contaminated with residual magic.
Nothing appears to happen.
The bat hits you but does no damage. The bat barely misses you. 😎 MP[-1]
You lost 1 mp, and now have 2/3 mp.
You miscast Foxfire.
Nothing appears to happen.
The bat hits you. x2
The bat hits you but does no damage. 😕 HP[-2] MP[-1]
You take 2 damage, and now have 9/11 hp.
You lost 1 mp, and now have 1/3 mp.
You closely miss the bat. You grab the bat. You squeeze the bat.
You kill the bat! 😕 HP[+1] No target in view!
You miscast Foxfire.
Nothing appears to happen. 😕 MP[-1]
You lost 1 mp, and now have 0/3 mp.
Unknown command.
Unknown command.
Your magical contamination has completely faded away. 😎 HP[+1] MP[+1]
Your hp is fully restored (11).
You see here a bat corpse.
c - a scroll labelled GUYVOLIAHI 😎 MP[+2]
Your mp is fully restored (3).
An endoplasm comes into view.
An endoplasm is nearby!
An endoplasm is nearby!
You conjure some foxfire! 😎 MP[-1]
You lost 1 mp, and now have 2/3 mp.
You see here 13 gold pieces. 😎 MP[+1]
Your mp is fully restored (3).
The helpless endoplasm fails to defend itself.
You tentacle-slap the endoplasm. The endoplasm hits you. 😕 HP[-2]
You take 2 damage, and now have 9/11 hp.
You tentacle-slap the endoplasm but do no damage.
You squeeze the endoplasm. The endoplasm hits you. 😮 HP[-1]
You take 1 damage, and now have 8/11 hp.
You are too injured to fight recklessly!
The endoplasm attacks as you move away! The endoplasm closely misses you.
You see here 13 gold pieces. 😕 HP[+1]
Casting: Foxfire (safe; 9% risk of failure)
Confirm with . or Enter, or press ? or * to list all spells.
You conjure some foxfire!
The endoplasm freezes you.
You are frozen.
* * * LOW HITPOINT WARNING * * *
😨 HP[-5] MP[-1]
You take 5 damage, and now have 4/11 hp.
MASSIVE DAMAGE!! (PAUSE)
You lost 1 mp, and now have 2/3 mp.
You tentacle-slap the endoplasm. The endoplasm freezes you.
You are frozen.
You die...

Action                   || total
-------------------------++-------
Melee: Unarmed           ||     4
       Tentacles         ||     2
       Constrict         ||     1
 Cast: Foxfire           ||     2
 Stab: Sleeping          ||     1
Armor: Skin              ||     2
Dodge: Dodged            ||     2

Levels and vault maps discovered:
D:1:      minmay_arrival_widening_spiral_narrow, layout_basic, serial_curves,
          eino_curves_04, eino_curves_02, eino_curves_03

Notes
Turn   | Place    | Note
-------+----------+-------------------------------------------
     0 | D:1      | MackTheKnife the Octopode Fire Elementalist began the quest
                  | for the Orb.
     0 | D:1      | Reached XP level 1. HP: 11/11 MP: 3/3
     0 | D:1      | magus.rc [v1.9.6]
   288 | D:1      | Frozen to death by an endoplasm

Vanquished Creatures
  A bat (D:1)
1 creature vanquished.

Table legend:
 A = Non-vault XP
 B = Vault XP
 C = Vault XP percentage of total XP
 D = Non-vault monster count
 E = Vault monster count
 F = Vault count percentage of total count
                 A         B        C        D         E       F
            +---------+---------+-------+---------+---------+-------
      Total |       2 |       0 |   0.0 |       1 |       0 |   0.0
            +---------+---------+-------+---------+---------+-------
        D:1 |       2 |       0 |   0.0 |       1 |       0 |   0.0
            +---------+---------+-------+---------+---------+-------

Illustrated notes

Table legend:
 A = Kills in this place as a percentage of kills in entire the game.
 B = Kills by you in this place as a percentage of kills by you in the entire game.
 C = Kills by friends in this place as a percentage of kills by friends in the entire game.
 D = Other kills in this place as a percentage of other kills in the entire game.
 E = Experience gained in this place as a percentage of experience gained in the entire game.
 F = Experience gained in this place divided by the number of levels of this place that you have seen.
                   A       B       C       D       E      F
               +-------+-------+-------+-------+-------+----------------------
         Total | 100.0 | 100.0 |   N/A |   N/A | 100.0 |   2.0
       Dungeon | 100.0 | 100.0 |   N/A |   N/A | 100.0 |   2.0
               +-------+-------+-------+-------+-------+----------------------

Table legend: (Time is in decaauts)
 A = Elapsed time spent in this place.
 B = Non-inter-level travel time spent in this place.
 C = Inter-level travel time spent in this place.
 D = Time resting spent in this place.
 E = Time spent auto-exploring this place.
 F = Levels seen in this place.
 G = Mean time per level.
                   A        B        C        D        E       F      G
               +--------+--------+--------+--------+--------+-----+--------+
         Total |    288 |    288 |      0 |      0 |    260 |   1 |  288.0 |
       Dungeon |    288 |    288 |      0 |      0 |    260 |   1 |  288.0 |
               +--------+--------+--------+--------+--------+-----+--------+

Top non-repeatable levels by time:
     D:1: 288 daAuts
